AoeStats
← Душан Силни

African Clearing

510629642Analyzed
4v4 RM · 2d ago on Oct 1, 2026· 47m 17s· 8 players
Game mode
Random Map
Map size
Large (8 player)
Population
200
Speed
Normal
Resources
Standard
Victory
Conquest
Starting age
Dark Age
Ending age
Imperial Age
RankedLock teamsTeams togetherTeam positionsShared explorationLock speedFull tech treeHidden civsTurbo modeCheats
Victory
Defeat
🇦🇷 Mongols · Argentina
879
+10
🇨🇦 Celts · Canada
864
+10
🇺🇸 Malians · United States
739
+15
🇺🇸 Vietnamese · United States
713
+17
🇪🇸 Byzantines · Spain
756
-14
🇨🇿 Vietnamese · Czechia
721
-13
🇮🇹 Italians · Italy
720
-13
🇷🇸 Huns · Serbia
715
-12
Eyesoflies16
5:24 Loom
15:31 Feudal Age
19:25 Castle Age
30:25 Horse Collar
33:52 Forging
36:30 Double-Bit Axe
36:46 Heavy Plow
38:27 Gold Mining
39:28 Iron Casting
38:58 Scale Barding Armor
38:46 Fletching
38:57 Padded Archer Armor
40:07 Wheelbarrow
43:16 Imperial Age
40:55 Scale Mail Armor
41:10 Elite Skirmisher
43:29 Imperial Skirmisher
45:39 Bodkin Arrow
45:59 Leather Archer Armor
Black AnGeL
14:13 Feudal Age
16:15 Double-Bit Axe
23:06 Castle Age
22:01 Horse Collar
22:07 Horse Collar
24:14 Bow Saw
27:27 Heavy Plow
27:38 Thumb Ring
29:23 Man-at-Arms
30:14 Crossbowman
33:12 Ballistics
35:28 Town Watch
36:05 Treadmill Crane
36:12 Treadmill Crane
36:51 Padded Archer Armor
36:42 Fletching
39:36 Town Patrol
45:23 Imperial Age
Душан Силни
4:19 Loom
18:17 Feudal Age
18:52 Double-Bit Axe
19:38 Horse Collar
25:31 Gold Mining
25:32 Stone Mining
29:23 Castle Age
43:50 Bow Saw
45:48 Heavy Plow
carognavera
16:30 Feudal Age
17:48 Wheelbarrow
17:02 Double-Bit Axe
17:00 Horse Collar
18:33 Town Watch
24:23 Gold Mining
24:26 Stone Mining
24:38 Man-at-Arms
25:53 Scale Mail Armor
28:05 Forging
32:30 Castle Age
31:46 Scale Barding Armor
33:05 Bloodlines
34:11 Chain Barding Armor
34:27 Iron Casting
34:07 Chain Mail Armor
33:39 Long Swordsman
35:33 Husbandry
36:49 Hand Cart
37:34 Town Patrol
39:01 Heavy Plow
Zukomazi
3:44 Loom
17:01 Feudal Age
17:41 Double-Bit Axe
17:40 Horse Collar
21:03 Wheelbarrow
20:14 Town Watch
24:46 Castle Age
23:28 Gold Mining
23:28 Stone Mining
23:31 Gold Mining
25:46 Bow Saw
26:08 Heavy Plow
26:28 Fishing Lines
27:26 Pikeman
28:06 Squires
37:06 Imperial Age
36:32 Hand Cart
36:51 Gillnets
37:32 Forging
37:23 Scale Mail Armor
37:43 Capped Ram
38:18 Arson
39:55 Chain Mail Armor
40:15 Iron Casting
42:14 Plate Mail Armor
43:54 Tigui
44:17 Conscription
44:13 Fletching
sensticks
10:13 Loom
14:12 Feudal Age
19:56 Castle Age
17:58 Gold Mining
18:10 Double-Bit Axe
19:56 Forging
19:46 Scale Mail Armor
20:22 Man-at-Arms
28:30 Horse Collar
30:34 Iron Casting
30:15 Chain Mail Armor
29:25 Pikeman
31:39 Stone Mining
37:40 Imperial Age
40:48 Halberdier
45:13 Blast Furnace
44:28 Chain Mail Armor
F o r k B e a r d
15:10 Loom
17:17 Feudal Age
18:53 Double-Bit Axe
22:17 Castle Age
20:37 Horse Collar
22:31 Wheelbarrow
24:04 Bow Saw
24:26 Bloodlines
36:59 Imperial Age
34:53 Heavy Plow
35:42 Hand Cart
36:00 Stone Mining
36:19 Gold Mining
36:56 Fortified Wall
36:43 Murder Holes
37:13 Town Watch
37:51 Ballistics
38:24 Paper Money
38:40 Hoardings
38:44 Arrowslits
39:46 Guard Tower
40:56 Chemistry
40:08 Masonry
41:26 Town Patrol
42:21 Keep
41:27 Treadmill Crane
43:10 Two-Man Saw
43:09 Stone Shaft Mining
43:41 Padded Archer Armor
43:32 Fletching
44:46 Scale Barding Armor
44:54 Elite Battle Elephant
45:35 Husbandry
45:37 Chatras
46:00 Chain Barding Armor
45:51 Forging
45:41 Scale Mail Armor
Pancito
9:45 Loom
13:21 Feudal Age
16:37 Double-Bit Axe
20:07 Wheelbarrow
22:48 Gold Mining
23:48 Bloodlines
27:59 Castle Age
31:13 Husbandry
45:27 Ballistics
47:41 Imperial Age
46:03 Town Watch
48:08 Hand Cart
47:53 Town Patrol
Connection lost

Rejoining the realm…

Still unreachable

The connection could not be restored.

Session expired

The server has moved on; the page needs a fresh start.